 Dungeon Crawl Stone Soup version 0.28-a0-1206-g193881aaa2 (webtiles) character file.

Game seed: 4181654707726605218

48 fragbeetle the Poker (level 3, -3/28 HPs)
             Began as a Merfolk Gladiator on Dec 20, 2021.
             Slain by a steam dragon (5 damage)
             ... on level 3 of the Dungeon.
             The game lasted 00:04:21 (2245 turns).

fragbeetle the Poker (Merfolk Gladiator)            Turns: 2245, Time: 00:04:21

Health: -3/28      AC:  4    Str: 16    XL:     3   Next: 72%
Magic:  3/3        EV: 13    Int:  7    God:
Gold:   138        SH:  0    Dex: 15    Spells: 2/2 levels left

rFire   . . .      SeeInvis .   a - +0 trident
rCold   . . .      Faith    .   (no shield)
rNeg    . . .      Spirit   .   b - +0 leather armour
rPois   +          Reflect  .   c - +0 helmet
rElec   .          Harm     .   (no cloak)
rCorr   .          Rampage  .   (no gloves)
Will    .....                   (no boots)
Stlth   +.........              (no amulet)
HPRegen 0.09/turn               i - ring of poison resistance
MPRegen 0.08/turn               (no ring)

@: no status effects
A: (nimble swimmer 2), mertail
a: no special abilities


You were on level 3 of the Dungeon.
You visited 1 branch of the dungeon, and saw 3 of its levels.

You collected 138 gold pieces.

Inventory:

Hand Weapons
 a - a +0 trident (weapon)
Missiles
 d - 3 throwing nets
 e - 46 stones (quivered)
 k - 6 datura-tipped darts
Armour
 b - a +0 leather armour (worn)
 c - a +0 helmet (worn)
Magical Staves
 h - a staff of poison
Jewellery
 i - a ring of poison resistance (left hand)
Scrolls
 g - 3 scrolls of enchant armour {unknown}
 m - a scroll of blinking {unknown}
Potions
 j - a potion of cancellation {unknown}
 l - a potion of haste {unknown}
 n - a potion of attraction {unknown}
 o - a potion of degeneration {unknown}
 p - a potion of mutation {unknown}
 q - a potion of lignification {unknown}


   Skills:
 + Level 2.7 Fighting
 * Level 5.4 Polearms
 + Level 2.4 Throwing
 + Level 4.5 Dodging


You had 2 spell levels left.
You didn't know any spells.
Your spell library contained the following spells:

 Spells                   Type           Power      Damage    Failure   Level
 Corpse Rot               Necr/Air       0%         N/A       65%         2
 Ignite Poison            Fire/Tmut/Pois 0%         N/A       86%         3
 Mephitic Cloud           Conj/Pois/Air  0%         N/A       86%         3
 Dispel Undead            Necr           0%         3d6       99%         4
 Freezing Cloud           Conj/Ice/Air   0%         6-21      100%        5
 Death Channel            Necr           0%         N/A       100%        6


Dungeon Overview and Level Annotations

Branches:
Dungeon (3/15)

Altars:


Innate Abilities, Weirdness & Mutations

((You are quick and stealthy near water. (Stealth+, EV+, Speed+++)))
Your lower body shifts to a powerful aquatic tail in water.


Message History

You add the spells Ignite Poison, Mephitic Cloud and Freezing Cloud to your library.
q - a viscous brown potion
Okay, then.
Unknown command.
A steam dragon comes into view.
Found an escape hatch in the floor.
The steam dragon hisses angrily.
A dart slug comes into view.
The steam dragon bites you. The steam dragon claws you.
You closely miss the steam dragon. The steam dragon closely misses you.
The steam dragon claws you.
You hit the steam dragon.
The steam dragon is moderately wounded.
The steam dragon bites you! The steam dragon claws you.
The dart slug launches a dart at you. The slug dart hits you.
* * * LOW HITPOINT WARNING * * *
You puncture the steam dragon!
The steam dragon is heavily wounded.
The steam dragon bites you.
* * * LOW HITPOINT WARNING * * *
The steam dragon misses you. The dart slug launches a dart at you.
The slug dart misses you.
It was a potion of curing.
You feel better. The steam dragon closely misses you.
The steam dragon claws you.
You barely miss the steam dragon.
The steam dragon is heavily wounded.
The steam dragon misses you.
The steam dragon claws you but does no damage.
You closely miss the steam dragon.
The steam dragon is heavily wounded.
The steam dragon breathes steam at you. The ball of steam hits you!
Ouch! That really hurt!
* * * LOW HITPOINT WARNING * * *
The dart slug launches a dart at you. The slug dart misses you.
The steam dragon bites you.
You die...

#
##.#..##..##......
..
#.###.##.##.###..
#.##...#.#..#..# .
#..###...##...#
...#w.#.###...#.#
....##.#.#.....# #
#....##..#....##.#
.......D........#
#.....§@.##.####
#####.§..>..#
#########


You could see a steam dragon (catching breath) and a dart slug.

Vanquished Creatures
  A worm (D:2)
  A dart slug (D:3)
  5 ball pythons
  3 bats
  5 endoplasms
  2 giant cockroaches
  3 goblins
  2 hobgoblins
  3 jackals (D:1)
  A quokka (D:3)
  3 frilled lizards
  5 kobolds
  5 rats
39 creatures vanquished.

Notes
Turn   | Place    | Note
-------+----------+-------------------------------------------
     0 | D:1      | fragbeetle the Merfolk Gladiator began the quest for the
                  | Orb.
     0 | D:1      | Reached XP level 1. HP: 16/16 MP: 1/1
   328 | D:1      | Reached XP level 2. HP: 23/23 MP: 2/2
   673 | D:1      | Found a faded altar of an unknown god.
  1334 | D:2      | Reached skill level 5 in Polearms
  1482 | D:2      | Reached XP level 3. HP: 27/28 MP: 3/3
  2236 | D:3      | Noticed a steam dragon
  2245 | D:3      | Slain by a steam dragon

Illustrated notes

Levels and vault maps discovered:
D:1:      eino_arrival_cavern_d, layout_basic,
          hellmonk_ecumenical_altar_inner_sanctum
D:2:      layout_rooms, columned_hall_lemuel
D:3:      layout_loops_cross, grunt_ministairs_3, hex_tiny,
          minmay_pentomino_pile

Skill      XL: |  1  2 |
---------------+-------+-----
Polearms       | 5 |  5.4
Fighting       | |  2.7
Throwing       | |  2.4
Dodging        | |  4.5

Action                   || total
-------------------------++-------
Melee: Trident           ||   102
Throw: Stone             ||     3
  Use: Potion            ||     1
 Stab: Sleeping          ||     4
Armor: Leather armour    ||    22
Dodge: Dodged            ||    53

Table legend: (Time is in decaauts)
 A = Elapsed time spent in this place.
 B = Non-inter-level travel time spent in this place.
 C = Inter-level travel time spent in this place.
 D = Time resting spent in this place.
 E = Time spent auto-exploring this place.
 F = Levels seen in this place.
 G = Mean time per level.
                   A        B        C        D        E       F      G
               +--------+--------+--------+--------+--------+-----+--------+
         Total |   2248 |   2091 |    157 |    192 |   1439 |   3 |  749.3 |
       Dungeon |   2248 |   2091 |    157 |    192 |   1439 |   3 |  749.3 |
               +--------+--------+--------+--------+--------+-----+--------+

Top non-repeatable levels by time:
     D:1: 1329 daAuts
     D:2: 669 daAuts
     D:3: 249 daAuts
